 Dungeon Crawl Stone Soup version 0.32-a0-520-g344ed53f66 (webtiles) character file.

Game seed: 6125221689048431948

758384 snarfax the Conqueror (level 27, -33/275 HPs)
             Began as a Mountain Dwarf Fighter on Feb 23, 2024.
             Was a High Priest of Jiyva.
             Killed from afar by a yellow draconian (160 damage)
             ... with an acid spray
             ... led by Tiamat
             ... on level 2 of the Realm of Zot on Feb 27, 2024.
             The game lasted 03:40:32 (61600 turns).

snarfax the Conqueror (Mountain Dwarf Fighter)     Turns: 61600, Time: 03:40:35

Health: -33/275    AC: 49    Str: 33    XL:     27
Magic:  23/23      EV: 17    Int:  8    God:    Jiyva [*****.]
Gold:   4915       SH: 40    Dex:  9    Spells: 26/26 levels left

rFire   + . .        P - +0 broad axe (vamp)
rCold   + . .        H - +10 tower shield of Ignorance {rN+ Int-4}
rNeg    + + +        t - +7 gold dragon scales
rPois   +            M - +2 hat
rElec   .            y - +4 dragonskin cloak
rCorr   +            (no gloves)
SInv    .            w - +1 pair of boots {rampage}
Will    +++..        Z - amulet of reflection Stlth
                     V - ring "Xeona" {rN++ Will+ rCorr Int+3}
HPRegen 2.09/turn    x - ring of the Octopus King {Fly HP+2 AC+2 EV+2 SH+2}
MPRegen 0.90/turn

%: reflection, rampage
@: flying
A: runic magic, artefact enchanting, antennae 2, iridescent scales 3, eyeballs
2, gelatinous body 3, pseudopods 1, translucent skin 2, tendrils, jelly sensing
items, jelly absorbing missiles
}: 5/15 runes: barnacled, slimy, silver, abyssal, gossamer
a: Renounce Religion, Oozemancy, Slimify


You were on level 2 of the Realm of Zot.
You worshipped Jiyva.
Jiyva was extremely pleased with you.
You visited 12 branches of the dungeon, and saw 56 of its levels.
You visited the Abyss 2 times.
You also visited: Sewer, Gauntlet, Ice Cave and Desolation.

You collected 6045 gold pieces.
You spent 1130 gold pieces at shops.

Inventory:

Hand Weapons
 a - a +4 broad axe of flaming
 D - a +9 broad axe of flaming
 N - a +3 broad axe
 P - a +0 vampiric broad axe (weapon)
Missiles
 h - 36 poisoned darts
 z - 4 datura-tipped darts
 G - 14 curare-tipped darts (quivered)
 L - 9 silver javelins
Armour
 c - a scarf of resistance
 g - a +2 cloak of willpower
 t - +7 gold dragon scales (worn)
 w - a +1 pair of boots of rampaging (worn)
 y - the +4 dragonskin cloak (worn)
   (You found it on level 2 of the Realm of Zot)

   Avatar's Aegis: It grants the wearer a chance to resist fire, cold, poison,
   electricity, acid, and negative energy.
 H - the +10 tower shield of Ignorance (worn) {rN+ Int-4}
   (You found it on level 1 of the Spider Nest)

   Int-4:     It affects your intelligence (-4).
   rN+:       It protects you from negative energy.
 I - a +1 tower shield of cold resistance
 K - the +2 pair of gloves "Bogairiv" {rF+ rCorr Int+2}
   (You found it in an ice cave)

   Int+2:     It affects your intelligence (+2).
   rF+:       It protects you from fire.
   rCorr:     It protects you from acid and corrosion.
 M - a +2 hat (worn)
Jewellery
 i - a ring of protection from cold
 j - the ring "Emyamuih" {rN+ Will+ Str+3 Int-3}
   (You found it in the Desolation of Salt)

   [ring of willpower]

   Str+3:     It affects your strength (+3).
   Int-3:     It affects your intelligence (-3).
   rN+:       It protects you from negative energy.
   Will+:     It increases your willpower.
 o - the ring "Abamanlebuck" {rElec rCorr Str+3 Int+2 Dex+2}
   (You found it in the Desolation of Salt)

   [ring of resist corrosion]

   Str+3:     It affects your strength (+3).
   Int+2:     It affects your intelligence (+2).
   Dex+2:     It affects your dexterity (+2).
   rElec:     It insulates you from electricity.
   rCorr:     It protects you from acid and corrosion.
 u - a ring of protection from cold
 x - a ring of the Octopus King (right hand) {Fly HP+2 AC+2 EV+2 SH+2}
   (You took it off a vault guard on level 5 of the Vaults)

   [ring of flight]

   AC+2:      It affects your AC (+2).
   EV+2:      It affects your evasion (+2).
   HP+2:      It affects your health (+2).
   Fly:       It grants you flight.
   SH+2:      It affects your SH (+2).
 Q - the ring "Igacaitu" {rElec rPois Str+8 Int-3}
   (You found it on level 3 of the Crypt)

   [ring of poison resistance]

   Str+8:     It affects your strength (+8).
   Int-3:     It affects your intelligence (-3).
   rElec:     It insulates you from electricity.
   rPois:     It protects you from poison
 V - the ring "Xeona" (left hand) {rN++ Will+ rCorr Int+3}
   (You found it on level 5 of the Pits of Slime)

   [ring of resist corrosion]

   Int+3:     It affects your intelligence (+3).
   rN++:      It greatly protects you from negative energy.
   Will+:     It increases your willpower.
   rCorr:     It protects you from acid and corrosion.
 X - the ring "Upagunyx" {EV+5 Dex+6 Stlth-}
   (You found it on level 5 of the Pits of Slime)

   [ring of evasion]

   EV+5:      It affects your evasion (+5).
   Dex+6:     It affects your dexterity (+6).
   Stlth-:    It makes you less stealthy.
 Z - an amulet of reflection (around neck)
Wands
 k - a wand of flame (36)
 A - a wand of iceblast (41)
 J - a wand of quicksilver (25)
 U - a wand of digging (6)
Scrolls
 s - 2 scrolls of fear
 B - 7 scrolls of poison
 E - 11 scrolls of teleportation
 F - a scroll of blinking
 O - 3 scrolls of fog
 T - 2 scrolls of torment
 Y - a scroll of summoning
Potions
 b - 2 potions of berserk rage
 d - 2 potions of might
 e - 11 potions of enlightenment
 f - 5 potions of haste
 l - 5 potions of ambrosia
 m - 8 potions of curing
 n - 5 potions of mutation
 q - 2 potions of lignification
 r - 3 potions of cancellation
 v - 2 potions of heal wounds
 C - 4 potions of invisibility
 W - 2 potions of resistance
Miscellaneous
 p - a box of beasts
 R - a phantom mirror
 S - a tin of tremorstones (2/2)


   Skills:
 O Level 27 Fighting
 O Level 27 Axes
 + Level 25.9 Armour
 * Level 14.8 Dodging
 O Level 27 Shields
 - Level 12.0 Evocations


You had 26 spell levels left.
You didn't know any spells.
Your spell library contained the following spells:

 Spells                   Type           Power      Damage    Failure   Level
 Apportation              Tloc           0%         N/A       54%         1
 Foxfire                  Conj/Fire      0%         2x1d4     54%         1
 Kiss of Death            Conj/Necr      0%         2d5       54%         1
 Magic Dart               Conj           0%         1d3       54%         1
 Necrotise                Necr           0%         1d4       54%         1
 Slow                     Hex            0%         N/A       54%         1
 Sting                    Conj/Alch      0%         1d3       54%         1
 Summon Small Mammal      Summ           0%         N/A       54%         1
 Blink                    Tloc           0%         N/A       67%         2
 Call Imp                 Summ           0%         N/A       67%         2
 Cigotuvi's Dreadful Rot  Necr/Alch/Air  0%         N/A       67%         2
 Ensorcelled Hibernation  Hex/Ice        0%         N/A       67%         2
 Jinxbite                 Hex            0%         N/A       67%         2
 Lesser Beckoning         Tloc           0%         N/A       67%         2
 Momentum Strike          Conj/Tloc      0%         3d8       67%         2
 Scorch                   Fire           0%         2d5       67%         2
 Searing Ray              Conj           0%         2d4       67%         2
 Static Discharge         Conj/Air       0%         3-3/arc   67%         2
 Sublimation of Blood     Necr           0%         N/A       67%         2
 Confusing Touch          Hex            0%         N/A       88%         3
 Dazzling Flash           Conj/Hex       0%         N/A       88%         3
 Inner Flame              Hex/Fire       0%         N/A       88%         3
 Mephitic Cloud           Conj/Alch/Air  0%         N/A       88%         3
 Passwall                 Erth           0%         N/A       88%         3
 Sigil of Binding         Hex            0%         N/A       88%         3
 Summon Ice Beast         Ice/Summ       0%         N/A       88%         3
 Swiftness                Air            0%         N/A       88%         3
 Teleport Other           Tloc           0%         N/A       88%         3
 Tukima's Dance           Hex            0%         N/A       88%         3
 Vampiric Draining        Necr           0%         2d6       88%         3
 Volatile Blastmotes      Fire/Tloc      0%         2d10      88%         3
 Anguish                  Hex/Necr       0%         N/A       99%         4
 Animate Armour           Summ/Erth      0%         N/A       99%         4
 Cause Fear               Hex            0%         N/A       99%         4
 Dimensional Bullseye     Hex/Tloc       0%         N/A       99%         4
 Dispel Undead            Necr           0%         3d6       99%         4
 Flame Wave               Conj/Fire      0%         2d4       99%         4
 Fulminant Prism          Conj/Alch      0%         3d5       99%         4
 Ignite Poison            Fire/Alch      0%         N/A       99%         4
 Iskenderun's Mystic Bla  Conj/Tloc      0%         2d3       99%         4
 Martyr's Knell           Necr/Summ      0%         N/A       99%         4
 Olgreb's Toxic Radiance  Alch           0%         N/A       99%         4
 Passage of Golubria      Tloc           0%         N/A       99%         4
 Petrify                  Alch/Erth      0%         N/A       99%         4
 Summon Blazeheart Golem  Fire/Summ      0%         N/A       99%         4
 Summon Lightning Spire   Summ/Air       0%         N/A       99%         4
 Borgnjor's Vile Clutch   Necr/Erth      0%         N/A       100%        5
 Curse of Agony           Necr           0%         N/A       100%        5
 Fireball                 Conj/Fire      0%         3d3       100%        5
 Freezing Cloud           Conj/Ice/Air   0%         6-21      100%        5
 Irradiate                Conj/Alch      0%         3d11      100%        5
 Lee's Rapid Deconstruct  Erth           0%         3d4*      100%        5
 Silence                  Hex/Air        0%         N/A       100%        5
 Summon Forest            Summ/Tloc      0%         N/A       100%        5
 Summon Mana Viper        Hex/Summ       0%         N/A       100%        5
 Death Channel            Necr           0%         N/A       100%        6
 Eringya's Noxious Bog    Alch           0%         4d6       100%        6
 Plasma Beam              Fire/Air       0%         2x1d10    100%        6
 Sculpt Simulacrum        Ice/Alch       0%         N/A       100%        6
 Starburst                Conj/Fire      0%         6d3       100%        6
 Summon Cactus Giant      Summ           0%         N/A       100%        6
 Enfeeble                 Hex            0%         N/A       100%        7
 Monstrous Menagerie      Summ           0%         N/A       100%        7
 Summon Hydra             Summ           0%         N/A       100%        7
 Ignition                 Fire           0%         3d3       100%        8
 Lehudib's Crystal Spear  Conj/Erth      0%         10d2      100%        8
 Maxwell's Capacitive Co  Air            0%         ∞         100%        8
 Death's Door             Necr           0%         N/A       100%        9
 Polar Vortex             Ice            0%         N/A       100%        9


Dungeon Overview and Level Annotations

Branches:
Dungeon (15/15)            Temple (1/1) D:7            Lair (5/5) D:11
 Shoals (4/4) Lair:2       Spider (4/4) Lair:3        Slime (5/5) Lair:5
    Orc (2/2) D:9             Elf (3/3) Orc:2        Vaults (5/5) D:13
  Crypt (3/3) Vaults:3       Tomb (0/3) Crypt:3      Depths (4/4) D:15
    Zot (5/5) Depths:4      Sewer (visited)           IceCv (visited)
Desolation (visited)      Gauntlet (visited)

Altars:
Ashenzari
Cheibriados
Dithmenos
Elyvilon
Fedhas
Gozag
Hepliaklqana
Kikubaaqudgha
Makhleb
Nemelex Xobeh
Okawaru
Qazlal
Ru
Sif Muna
Trog
Uskayaw
Vehumet
Wu Jian
Xom
Yredelemnul
Zin
The Shining One
Beogh
Jiyva

Shops:
D:8 (   D:10 ?   D:15 *   Orc:1 [!(?   Orc:2 (:=!   Elf:2 =   Elf:3 *
Shoals:1 *   Shoals:2 *(   Vaults:4 [   Depths:1 ((==**   Depths:3 (
Depths:4 =:=

Portals:
Hell: Depths:1 Depths:2 Depths:3 Depths:4
Abyss: Depths:1 Depths:2 Depths:3
Pandemonium: Depths:2
Ziggurat: Depths:1
Trove: D:10 (give +4 demon trident)

Annotations:
D:13 Frances
D:15 3 runed translucent doors, Bialiabluu's ghost, adept GrEE; Bustrupp's ghost, journeyman DsMo; Umuuc's ghost, journeyman DsGl
Slime:3 Dissolution
Slime:5 Royal Jelly


Innate Abilities, Weirdness & Mutations

Your spellcasting is much less encumbered by armour.
You can use scrolls of enchantment on lesser artefacts.
You have a pair of antennae on your head.
You are completely covered in iridescent scales. (AC +6)
Your body has grown many eyes which may confuse attackers. (Acc +5)
Your gelatinous body deflects attacks. (AC +3, EV +3)
Armour fits poorly on your pseudopods.
Your translucent skin reduces your foes' accuracy. (Stealth+)
You are covered in slimy tendrils that may disarm your opponents.
You have a small jelly attached to you that senses nearby items.
You have a small jelly attached to you that may absorb projectiles.


Message History

a +0 whip; a +0 cloak You feel sick.
You are no longer poisoned.
Your quicksilver ooze hits the white draconian.
Your quicksilver ooze engulfs the white draconian!
Your quicksilver ooze hits the white draconian.
Your quicksilver ooze hits the white draconian.
Your quicksilver ooze hits the white draconian!
Your quicksilver ooze barely misses the white draconian.
Your quicksilver ooze closely misses the white draconian.
The white draconian breathes frost at you.
The blast of cold hits your quicksilver ooze!!!
Your quicksilver ooze dies!
Your quicksilver ooze dissolves into a puddle of slime!
The blast of cold hits you! You resist.
Your quicksilver ooze hits the white draconian.
Your quicksilver ooze hits the white draconian!
Your quicksilver ooze hits the white draconian!!
The white draconian dies!
You start removing your armour.
You continue removing your scarf of resistance.
You are no longer corroded.
You continue removing your scarf of resistance. x3
You finish removing your scarf of resistance.
You feel hot and cold all over.
You start putting on your armour.
You continue putting on the +4 dragonskin cloak. x4
Your quicksilver ooze dissolves into a puddle of slime!
You continue putting on the +4 dragonskin cloak.
You finish putting on the +4 dragonskin cloak.
You feel oddly protected from the elements.
You rampage towards the yellow draconian!
You rampage towards the yellow draconian!
You slash the yellow draconian!
You feel better.
The yellow draconian is lightly wounded.
The yellow draconian throws acid at you.
The acid spray hits you!!!!! You resist.
Ouch! That really hurt!
You die...
Jiyva sends a jelly to digest your remains.

##≈≈#≈≈≈≈≈ ##≈≈≈≈#≈≈≈≈
##### ##≈≈≈≈≈≈#≈≈≈
#...# ##≈≈≈≈≈≈~~#~~
#...# ##≈≈≈≈≈≈~~....
#...# ##≈≈≈≈≈≈~≈~.~..
#...# #≈≈≈≈J≈≈≈≈~.~~.
##...###~≈~≈~~~~~~.~..
#.).d@................
#.########~~~~≈~...~.#
#.# ##≈~~~~...#.#
#####)# #.........#..
#(..=§# #.##~~≈~..###
#.##### #.###≈≈#..#
#.# #.# ####..# #.#
#.# ###..### #.# #.#
#.......


You could see a yellow draconian (catching breath) and a neutral jelly
(wandering) (fellow slime).

Vanquished Creatures
  5 dread liches
  Mennas (Vaults:5)
  3 ancient liches
  Vv (Crypt:1)
  A Killer Klown (Zot:5)
  2 curse toes
  Norris (Vaults:3)
  9 golden dragons
  6 bone dragons
  4 profane servitors
  3 hellephants
  13 tentacled monstrosities
  6 liches
  Mlioglotl (Shoals:2)
  6 quicksilver dragons
  10 Orb Guardians (Zot:5)
  Asterion (Spider:2)
  2 deep elf master archers (Elf:3)
  5 titans
  5 deep elf blademasters
  6 sphinxes
  Polyphemus (Shoals:2)
  4 tengu reavers
  22 tentacled starspawn
  8 death cobs
  4 ancient champions
  3 Executioners (Abyss:4)
  Aizul (Elf:1)
  Gastronok (D:10)
  Roxanne (D:14)
  Ilsuiw (Shoals:3)
  Kirke (D:14)
  13 shadow dragons
  11 storm dragons
  9 draconian scorchers
  8 fire giants
  7 draconian knights
  2 protean progenitors (Zot:3)
  7 frost giants
  3 revenants
  8 deep elf sorcerers
  2 draconian monks
  6 draconian shifters
  An imperial myrmidon (Desolation)
  A caustic shrike zombie (Crypt:3)
  3 iron dragons
  3 emperor scorpions
  3 balrugs
  Louise (Shoals:2)
  4 ghouls
  7 ghost moths
  5 draconian stormcallers
  2 orc warlords
  A reaper (Abyss:3)
  A curse skull (Crypt:2)
  17 vault wardens
  8 broodmothers
  8 deep elf elementalists (Elf:3)
  A cacodemon (Abyss:3)
  22 ironbound preservers
  27 very ugly things
  3 angels
  8 draconian annihilators
  The ghost of olddryhag the Toxicologist, a journeyman DsAl of Gozag (Lair:5)
  10 green draconians
  9 ironbound thunderhulks
  9 vampire knights
  6 black draconians
  An eleionoma (Abyss:3)
  16 stone giants
  10 deep elf death magi
  2 elemental wellsprings (Shoals:3)
  The ghost of zenocrate the Unseen, a journeyman KoDe of Gozag (Lair:5)
  6 war gargoyles
  8 purple draconians
  Nessos (D:14)
  8 deep elf demonologists
  11 white draconians
  9 deep elf annihilators
  7 red draconians
  2 minotaurs
  10 spark wasps
  3 blizzard demons
  18 yellow draconians
  26 ettins
  6 merfolk impalers
  4 fire dragons
  The ghost of Scrimshaw the Skirmisher, a journeyman CoHs of Gozag (D:11)
  The ghost of avangion the Eclecticist, a journeyman DECj of Vehumet (Lair:5)
  A mummy priest (Crypt:3)
  3 merfolk javelineers
  6 crystal guardians
  20 jiangshi
  9 ragged hierophants (Desolation)
  5 entropy weavers
  Josephine (D:13)
  10 yaktaur captains
  2 caustic shrike simulacra (IceCv)
  32 vault guards
  8 ice dragons
  5 rakshasas
  12 servants of whispers (Desolation)
  A ghost crab (Spider:4)
  12 peacekeepers
  8 hydras
  An alligator snapping turtle (Shoals:4)
  4 ogre magi (Orc:2)
  A spriggan air mage (Depths:4)
  2 catoblepae
  9 deep elf high priests
  3 hell beasts
  6 centaur warriors
  7 ironbound frosthearts
  9 radroaches
  4 jorogumos
  A merfolk avatar (Shoals:4)
  36 dancing weapons
  5 boulder beetles
  A deep troll shaman (Depths:3)
  19 two-headed ogres
  12 satyrs
  2 tengu warriors
  6 death knights
  6 death yaks
  A spriggan skeleton (Abyss:4)
  A spectral naga (Crypt:3)
  6 deep troll earth magi
  4 demonic crawlers
  4 occultists
  A hell hog (Gauntlet)
  4 vampire magi
  19 thrashing horrors
  A quicksilver ooze zombie (Crypt:2)
  5 spriggan berserkers
  Sonja (Lair:5)
  5 hell knights (Depths:3)
  15 sun demons
  A titan skeleton (Abyss:3)
  19 deep elf knights
  A soul eater (Abyss:4)
  12 wretched stars
  A salamander mystic (Depths:4)
  3 shadow wraiths
  5 iron trolls
  11 pharaoh ants
  5 sixfirhies
  11 skeletal warriors
  8 skysharks
  59 deep trolls
  10 sea snakes
  39 large abominations
  2 spriggan simulacra (IceCv)
  A golden dragon zombie (Crypt:2)
  20 deep elf archers
  A death drake (Depths:3)
  4 sun moths
  8 arcanists
  7 flayed ghosts
  12 bog bodies
  22 lindwurms
  10 phantasmal warriors
  17 ironbound convokers
  11 orb spiders
  5 steelbarb worms
  An obsidian statue (IceCv)
  7 orc knights
  26 harpies
  A jorogumo zombie (Crypt:2)
  7 necromancers
  5 thermic dynamos
  47 deep elf pyromancers
  42 ugly things
  5 oklob plants
  A stone giant zombie (Crypt:3)
  40 deep elf zephyrmancers
  A human zombie (Vaults:1)
  An orc sorcerer (Abyss:3)
  A will-o-the-wisp (Abyss:4)
  28 wolf spiders
  A fire giant zombie (Crypt:1)
  18 fauns
  6 worldbinders
  26 manticores
  An iron dragon skeleton (Crypt:2)
  8 guardian serpents
  6 merfolk sirens
  17 moths of wrath
  5 salamanders
  A jorogumo skeleton (Crypt:1)
  A naga mage (Abyss:4)
  2 black mambas
  6 cyclopes
  10 meliai
  2 water nymphs (Shoals:3)
  A kobold blastminer (Orc:1)
  6 torpor snails
  A dire elephant zombie (Crypt:1)
  25 elephants
  15 smoke demons
  A molten gargoyle (Desolation)
  A naga zombie (Abyss:3)
  2 ice statues (Shoals:3)
  17 vault sentinels
  7 apocalypse crabs
  Maggie (D:7)
  2 unseen horrors
  3 gargoyles
  13 cane toads
  5 orange demons (Abyss:4)
  Jeremiah (D:6)
  4 efreet
  4 centaur skeletons (D:13)
  A kobold demonologist (D:13)
  33 yaktaurs
  2 anaconda simulacra (IceCv)
  3 rime drakes
  10 komodo dragons
  A tengu conjurer (D:14)
  23 freezing wraiths
  An unseen horror skeleton (Crypt:2)
  A red devil (Abyss:4)
  7 guardian mummies (Crypt:3)
  A golden dragon simulacrum (IceCv)
  4 harpy zombies
  2 ice devils (IceCv)
  A yaktaur skeleton (Vaults:1)
  18 ancient zymes
  25 merfolk
  A hydra zombie (Crypt:1)
  5 polar bears (Lair:5)
  4 alligator simulacra (IceCv)
  4 trolls
  Prince Ribbit (D:8)
  5 wind drakes
  7 hornets
  A queen bee (Abyss:4)
  A troll (shapeshifter) (Abyss:4)
  64 saltlings (Desolation)
  24 tarantellas
  A harpy skeleton (Abyss:4)
  5 tyrant leeches (Spider:4)
  A hydra skeleton (Abyss:4)
  3 dream sheep
  A meliai zombie (Crypt:1)
  27 raiju
  A deep troll zombie (Vaults:1)
  23 blink frogs
  A dream sheep (shapeshifter) (Abyss:3)
  9 snapping turtles
  33 jumping spiders
  A slime creature (D:9)
  Sigmund (D:2)
  6 shadows
  3 air elementals
  27 culicivoras
  2 vampires
  39 yaks
  16 spriggans
  12 wraiths
  10 wyverns
  13 ynoxinuls
  4 dire elephant simulacra (IceCv)
  A black mamba skeleton (Crypt:1)
  Eustachio (D:6)
  4 fire bats (Gauntlet)
  9 water elementals
  A steam dragon (Lair:2)
  4 basilisks
  6 fire elementals
  8 neqoxecs
  43 redbacks
  A warg (D:13)
  12 vampire mosquitoes
  6 chaos spawn
  7 hogs (D:14)
  A minotaur simulacrum (IceCv)
  2 nagas (Abyss:4)
  4 harpy simulacra (IceCv)
  25 small abominations
  Edmund (D:4)
  4 acid dragons
  2 hydra simulacra (IceCv)
  20 water moccasins
  27 orc warriors
  A naga skeleton (Abyss:4)
  3 hell hounds (Gauntlet)
  A swamp drake (Depths:3)
  A sky beast (D:7)
  3 ice beasts
  A black bear (shapeshifter) (Spider:3)
  6 black bears
  An elf simulacrum (Vaults:1)
  53 laughing skulls
  35 wolves
  A black mamba simulacrum (Crypt:1)
  5 boggarts
  14 centaurs
  26 ogres (Orc:2)
  An elf zombie (Crypt:2)
  11 weeping skulls
  4 brain worms (Abyss:4)
  6 kobold brigands
  Blork the orc (D:5)
  2 scorpions
  A deep troll simulacrum (IceCv)
  6 bullfrogs
  6 earth elementals
  3 burial acolytes (Crypt:3)
  8 wights (D:7)
  A troll zombie (Crypt:1)
  2 lindwurm simulacra (IceCv)
  29 killer bees
  2 electric eels
  2 bombardier beetles
  2 crimson imps
  A wolf skeleton (Crypt:1)
  3 quasits (Abyss:4)
  A hound (D:5)
  4 jellies
  Crazy Yiuf (D:6)
  18 orc priests
  57 starcursed masses
  A bullfrog skeleton (Crypt:1)
  2 iron imps (Abyss:3)
  4 iguanas
  Ijyb (D:3)
  19 orc wizards
  A sleepcap (D:6)
  A black bear skeleton (Crypt:2)
  A crocodile skeleton (Crypt:2)
  An ogre skeleton (Crypt:1)
  A tengu skeleton (Crypt:1)
  17 adders
  6 river rats
  2 shadow imps
  3 white imps
  7 ufetubi
  14 dart slugs
  3 ribbon worms (D:4)
  68 orcs
  7 bats
  11 endoplasms
  6 giant cockroaches
  3 goblins
  5 hobgoblins
  3 jackals (D:5)
  20 kobolds
  5 quokkas
  20 ball pythons
  6 frilled lizards
  A quokka skeleton (Crypt:2)
  21 rats
  2 lurking horrors
  28 starspawn tentacles
2890 creatures vanquished.

Vanquished Creatures (collateral kills)
  An ancient lich (Vaults:5)
  A curse toe (Zot:4)
  A bone dragon (Abyss:4)
  A tengu reaver (Vaults:5)
  A revenant (Abyss:3)
  A deep elf sorcerer (Elf:3)
  A white draconian (Zot:2)
  2 yellow draconians (Zot:2)
  A mummy priest (Crypt:3)
  A deep elf high priest (Elf:3)
  2 rakshasas (Abyss:4)
  A wretched star (Abyss:4)
  2 sixfirhies (Abyss:4)
  A large abomination (Abyss:4)
  A hellion (Abyss:4)
  A hellwing (Abyss:3)
  A raiju (Abyss:4)
  A neqoxec (Abyss:4)
21 creatures vanquished.

Vanquished Creatures (others)
  6 acid blobs
  A death cob (Zot:2)
  2 sphinxes
  A storm dragon (Zot:4)
  2 draconian knights
  A frost giant (Depths:3)
  A draconian shifter (Zot:2)
  2 vault wardens (Vaults:4)
  3 ironbound preservers
  3 formless jellyfish
  An ironbound thunderhulk (Vaults:1)
  2 yellow draconians (Zot:4)
  2 minotaurs (Shoals:4)
  A spark wasp (Spider:3)
  2 merfolk javelineers (Shoals:4)
  A jiangshi (Depths:3)
  8 great orbs of eyes
  A centaur warrior (D:14)
  2 ironbound frosthearts (Vaults:3)
  A dancing weapon (Elf:3)
  5 satyrs (Shoals:4)
  A satyr (shapeshifter) (D:15)
  An occultist (Depths:1)
  A deep elf knight (Elf:2)
  A sun demon (Abyss:4)
  9 glowing orange brains
  A skeletal warrior (Crypt:3)
  A swamp dragon (shapeshifter) (Vaults:5)
  3 deep trolls (Vaults:3)
  An arcanist (Vaults:2)
  A deep troll (shapeshifter) (Vaults:5)
  A bog body (Crypt:3)
  4 deep elf zephyrmancers
  3 ironbound convokers (Vaults:4)
  A steelbarb worm (Spider:4)
  A deep elf pyromancer (Elf:3)
  3 harpies (Vaults:1)
  2 fauns (shapeshifter)
  An oklob plant (Zot:4)
  A wolf spider (Spider:4)
  3 fauns (Shoals:4)
  A meliai (D:13)
  An elephant (shapeshifter) (Vaults:3)
  6 shining eyes
  2 vault sentinels
  A merfolk siren (Shoals:3)
  A water nymph (Shoals:3)
  4 eyes of devastation (Depths:4)
  A smoke demon (Abyss:4)
  A torpor snail (Spider:3)
  A rime drake (Depths:3)
  3 yaktaurs
  A rime drake (shapeshifter) (Depths:4)
  A kobold demonologist (D:14)
  3 glass eyes
  A hornet (Depths:3)
  A merfolk (shapeshifter) (Vaults:5)
  A dream sheep (Shoals:3)
  4 raiju (Abyss:4)
  28 slime creatures
  A jumping spider (Spider:4)
  A ynoxinul (Abyss:4)
  19 small abominations (Abyss:3)
  A spriggan (Depths:3)
  An air elemental (Elf:3)
  A wraith (D:13)
  A hog (Vaults:3)
  A neqoxec (Abyss:4)
  8 golden eyes
  A harpy simulacrum (Abyss:4)
  2 swamp drakes (Depths:3)
  A laughing skull (Abyss:3)
  A wolf (Lair:4)
  3 centaurs
  3 weeping skulls (Abyss:3)
  A burial acolyte (Crypt:3)
  287 jellies
  A crimson imp (Abyss:4)
  An iron imp (Abyss:4)
  A shadow imp (Abyss:3)
  2 white imps (Abyss:3)
  2 ufetubi (Abyss:3)
  11 orcs
  2 lurking horrors (Abyss:4)
  32 starspawn tentacles
535 creatures vanquished.

Grand Total: 3446 creatures vanquished

Notes
Turn   | Place    | Note
-------+----------+-------------------------------------------
     0 | D:1      | snarfax the Mountain Dwarf Fighter began the quest for the
                  | Orb.
     0 | D:1      | Reached XP level 1. HP: 19/19 MP: 1/1
   146 | D:1      | Reached XP level 2. HP: 14/26 MP: 2/2
   700 | D:1      | Reached XP level 3. HP: 31/31 MP: 3/3
   721 | D:1      | Found a faded altar of an unknown god.
  1526 | D:2      | Noticed Sigmund
  1546 | D:2      | Killed Sigmund
  1547 | D:2      | Reached XP level 4. HP: 16/38 MP: 4/4
  1547 | D:2      | Reached XP level 5. HP: 19/45 MP: 5/5
  1964 | D:3      | Reached skill level 5 in Shields
  1964 | D:3      | Reached XP level 6. HP: 23/51 MP: 6/6
  2146 | D:3      | Noticed Ijyb
  2164 | D:3      | Killed Ijyb
  3162 | D:4      | Found a sparkling altar of Nemelex Xobeh.
  3247 | D:4      | Reached XP level 7. HP: 51/59 MP: 7/7
  3287 | D:4      | Found a glowing drain.
  3295 | Sewer    | Entered a sewer
  3871 | D:4      | Noticed Edmund
  3890 | D:4      | Killed Edmund
  3897 | D:4      | Reached skill level 5 in Fighting
  4288 | D:4      | Reached XP level 8. HP: 63/68 MP: 8/8
  4682 | D:5      | Entered Level 5 of the Dungeon
  4776 | D:5      | Reached skill level 5 in Armour
  4852 | D:5      | Found an ornate altar of the Wu Jian Council.
  5137 | D:5      | Found a shimmering altar of Xom.
  5457 | D:5      | Found a snail-covered altar of Cheibriados.
  5768 | D:5      | Noticed Blork the orc
  5774 | D:5      | Killed Blork the orc
  5869 | D:6      | Reached skill level 10 in Axes
  6184 | D:6      | Found a bloodstained altar of Trog.
  6189 | D:6      | Noticed Jeremiah
  6212 | D:6      | Killed Jeremiah
  6213 | D:6      | Reached XP level 9. HP: 55/78 MP: 9/9
  6333 | D:6      | Found a runed translucent door.
  6334 | D:6      | Noticed Crazy Yiuf
  6342 | D:6      | Killed Crazy Yiuf
  6412 | D:6      | Identified the +10 hammer "Spider's Nightmare" {chaos,
                  | *Slow rPois rF++ Str+2}
  6500 | D:6      | Noticed Eustachio
  6509 | D:6      | Killed Eustachio
  7171 | D:7      | Found a staircase to the Ecumenical Temple.
  7190 | Temple   | Entered the Ecumenical Temple
  7197 | Temple   | Became a worshipper of Elyvilon the Healer
  7212 | D:7      | Noticed Maggie
  7225 | D:7      | Killed Maggie
  7714 | D:7      | Found a burning altar of Makhleb.
  7728 | D:7      | Found a shimmering blue altar of Sif Muna.
  7731 | D:7      | Found an ancient bone altar of Kikubaaqudgha.
  7731 | D:7      | Found a radiant altar of Vehumet.
  7738 | D:7      | Found a glowing golden altar of the Shining One.
  7741 | D:7      | Identified the +1 falchion "Feestrig" {antimagic, Fly Str+3
                  | Dex+2}
  8011 | D:7      | Noticed a komodo dragon
  8020 | D:7      | Killed a komodo dragon
  8021 | D:7      | Reached XP level 10. HP: 34/88 MP: 10/10
  8341 | D:8      | Noticed Prince Ribbit
  8368 | D:8      | Killed Prince Ribbit
  8519 | D:8      | Reached * piety under Elyvilon
  8749 | D:8      | Found Tileank's Weapon Boutique.
  9055 | D:8      | Found an iron altar of Okawaru.
  9230 | D:9      | Identified the +0 dagger of the Shore {heavy, rElec Dex+5}
  9240 | D:9      | Reached ** piety under Elyvilon
  9441 | D:9      | Found a staircase to the Orcish Mines.
  9492 | D:9      | Found a blossoming altar of Fedhas.
 10041 | D:9      | Noticed a centaur warrior
 10041 | D:9      | Noticed a manticore
 10041 | D:9      | Noticed a tengu warrior
 10041 | D:9      | Noticed a deep elf pyromancer
 10050 | D:9      | Killed a deep elf pyromancer
 10054 | D:9      | Killed a centaur warrior
 10055 | D:9      | Reached XP level 11. HP: 33/97 MP: 11/11
 10095 | D:9      | HP: 4/97 [tengu warrior/+0 battleaxe (2)]
 10096 | D:9      | Killed a tengu warrior
 10269 | D:9      | Reached skill level 15 in Axes
 10524 | D:9      | Got the Writings on Allies
 10765 | D:10     | Entered Level 10 of the Dungeon
 10875 | D:10     | Reached *** piety under Elyvilon
 10986 | D:10     | Noticed a centaur warrior
 10989 | D:10     | Noticed a two-headed ogre
 10994 | D:10     | Killed a two-headed ogre
 10996 | D:10     | Killed a centaur warrior
 10997 | D:10     | Reached skill level 10 in Fighting
 10997 | D:10     | Reached skill level 10 in Armour
 11257 | D:10     | Paralysed by a hornet for 2 turns
 11532 | D:10     | Found a portal to a secret trove of treasure.
 11632 | D:10     | Noticed a two-headed ogre
 11642 | D:10     | Killed a two-headed ogre
 11940 | D:10     | Found a stormy altar of Qazlal.
 12002 | D:10     | Found a sacrificial altar of Ru.
 12107 | D:10     | Noticed Gastronok
 12116 | D:10     | Killed Gastronok
 12148 | D:10     | Found Luc Doff's Magic Scroll Shop.
 12151 | D:10     | Bought a scroll of enchant weapon for 97 gold pieces
 12151 | D:10     | Bought a scroll of brand weapon for 123 gold pieces
 12175 | D:10     | Found a broken altar of Ashenzari.
 12360 | D:11     | Found a transporter.
 12382 | D:11     | Noticed a green ugly thing
 12506 | D:11     | Killed a green ugly thing
 12566 | D:11     | Noticed Scrimshaw's ghost (journeyman CoHs)
 12580 | D:11     | Found a transporter.
 12594 | D:11     | Noticed a two-headed ogre
 12602 | D:11     | Killed a two-headed ogre
 12723 | D:11     | You fall into a shaft and drop 1 floor!
 12736 | D:12     | Reached XP level 12. HP: 66/108 MP: 12/12
 12938 | D:12     | Reached **** piety under Elyvilon
 13288 | D:11     | Found a broken altar of Ashenzari.
 13698 | D:11     | Noticed a two-headed ogre
 13709 | D:11     | Killed a two-headed ogre
 13879 | D:11     | Found a staircase to the Lair.
 13973 | Lair:1   | Entered Level 1 of the Lair of Beasts
 14422 | Lair:1   | Found a gate leading to a gauntlet.
 14438 | Gauntlet | Entered a Gauntlet
 14438 | Gauntlet | Found a large runed translucent door.
 14438 | Gauntlet | Found a large runed translucent door.
 14438 | Gauntlet | Found a large runed translucent door.
 14438 | Gauntlet | Found a large runed translucent door.
 14438 | Gauntlet | Found a large runed translucent door.
 14438 | Gauntlet | Found a large runed translucent door.
 14438 | Gauntlet | Found a runed translucent door.
 14438 | Gauntlet | Found a transporter.
 14438 | Gauntlet | Found a runed translucent door.
 14438 | Gauntlet | Found a large runed translucent door.
 14438 | Gauntlet | Found a large runed translucent door.
 14438 | Gauntlet | Found a large runed translucent door.
 14438 | Gauntlet | Found a large runed translucent door.
 14438 | Gauntlet | Found a large runed translucent door.
 14438 | Gauntlet | Found a large runed translucent door.
 14447 | Gauntlet | Noticed a hell beast
 14449 | Gauntlet | Found a large runed translucent door.
 14449 | Gauntlet | Found a large runed translucent door.
 14449 | Gauntlet | Found a large runed translucent door.
 14449 | Gauntlet | Found a large runed translucent door.
 14458 | Gauntlet | Found a transporter.
 14458 | Gauntlet | Noticed a death scarab
 14459 | Gauntlet | Found a runed translucent gate.
 14459 | Gauntlet | Found a runed translucent gate.
 14459 | Gauntlet | Found a runed translucent gate.
 14459 | Gauntlet | Noticed a cacodemon
 14460 | Gauntlet | Noticed a death scarab
 14476 | Gauntlet | Found a transporter.
 14477 | Gauntlet | Found a transporter.
 14480 | Gauntlet | Found a transporter.
 14481 | Gauntlet | Found a transporter.
 14485 | Gauntlet | Found a runed translucent door.
 14487 | Gauntlet | Found a runed translucent door.
 14489 | Gauntlet | Found a transporter.
 14489 | Gauntlet | Noticed a hell beast
 14490 | Gauntlet | Found a transporter.
 14503 | Gauntlet | Reached ***** piety under Elyvilon
 14530 | Gauntlet | Found a transporter.
 14532 | Gauntlet | Noticed a hell hog
 14549 | Gauntlet | Found a transporter.
 14553 | Gauntlet | Found a transporter.
 14562 | Gauntlet | Found a transporter.
 14596 | Gauntlet | Killed a hell beast
 14642 | Gauntlet | Killed a hell hog
 14863 | Gauntlet | Noticed a minotaur
 14888 | Gauntlet | Killed a minotaur
 15396 | Lair:1   | Reached XP level 13. HP: 95/119 MP: 13/13
 16475 | Lair:2   | Found a staircase to the Shoals.
 16987 | Lair:3   | Found a hole to the Spider Nest.
 17732 | Lair:3   | You fall into a shaft and drop 2 floors!
 17732 | Lair:5   | Entered Level 5 of the Lair of Beasts
 17732 | Lair:5   | Noticed Sonja
 17737 | Lair:5   | Killed Sonja
 18366 | Lair:5   | Found a runed translucent gate.
 18366 | Lair:5   | Found a runed translucent gate.
 18366 | Lair:5   | Found a runed translucent gate.
 18406 | Lair:5   | Noticed avangion's ghost (journeyman DECj)
 18406 | Lair:5   | Noticed zenocrate's ghost (journeyman KoDe)
 18406 | Lair:5   | Noticed olddryhag's ghost (journeyman DsAl)
 18493 | Lair:5   | Reached skill level 15 in Fighting
 18501 | Lair:5   | Reached skill level 15 in Armour
 18518 | Lair:5   | Reached XP level 14. HP: 45/135 MP: 14/14
 18960 | Lair:5   | Identified the blade talisman of Zoxuomisarph {rF++}
 19521 | Lair:5   | Found a staircase to the Slime Pits.
 19530 | Lair:5   | Found a viscous altar of Jiyva.
 19542 | Lair:5   | Fell from the grace of Elyvilon
 19542 | Lair:5   | Became a worshipper of Jiyva Jucveots the Shapeless
 19986 | Lair:5   | HP: 6/136 [constriction (10)]
 20638 | Lair:4   | Reached * piety under Jiyva
 21102 | Lair:4   | Reached ** piety under Jiyva
 21921 | D:13     | Identified the +10 long sword "Demon's Nightmare" {freeze,
                  | Dex+4}
 21987 | D:13     | Reached *** piety under Jiyva
 22013 | D:13     | Noticed Frances
 22716 | D:13     | Gained mutation: Your flesh is cold resistant. (rC+)
                  | [Jiyva's grace]
 22716 | D:13     | Gained mutation: Your flesh is very cold resistant. (rC++)
                  | [Jiyva's grace]
 22716 | D:13     | Gained mutation: Your flesh is almost immune to the effects
                  | of cold. (rC+++) [Jiyva's grace]
 22716 | D:13     | Gained mutation: You have sharp toenails. [Jiyva's grace]
 23046 | D:12     | Reached XP level 15. HP: 103/147 MP: 15/15
 23271 | D:13     | Reached **** piety under Jiyva
 23376 | D:13     | Found a gate to the Vaults.
 23667 | D:13     | Noticed Josephine
 23670 | D:13     | Killed Josephine
 23843 | D:14     | Identified the +3 trident "Jifoduog" {pain, rElec rF- rC++
                  | SInv}
 24005 | D:14     | Noticed Kirke
 24020 | D:14     | Killed Kirke
 24052 | D:14     | Noticed Roxanne
 24152 | D:14     | Killed Roxanne
 24198 | D:14     | Reached ***** piety under Jiyva
 24211 | D:14     | Noticed Nessos
 24216 | D:14     | Gained mutation: Your body has grown eyes which may confuse
                  | attackers. (Acc +3) [Jiyva's grace]
 24216 | D:14     | Gained mutation: Your body has grown many eyes which may
                  | confuse attackers. (Acc +5) [Jiyva's grace]
 24216 | D:14     | Gained mutation: Your body is covered in eyes which may
                  | confuse attackers. (Acc +7, SInv) [Jiyva's grace]
 24216 | D:14     | Gained mutation: Your translucent skin slightly reduces
                  | your foes' accuracy. (Stealth+) [Jiyva's grace]
 24224 | D:14     | Killed Nessos
 24604 | D:15     | Entered Level 15 of the Dungeon
 24652 | D:15     | Found Nukilope's Assorted Antiques.
 24669 | D:15     | Bought a scroll of enchant armour for 180 gold pieces
 24669 | D:15     | Bought a potion of might for 96 gold pieces
 24754 | D:15     | Found a staircase to the Depths.
 24880 | D:15     | Found a runed translucent gate.
 24880 | D:15     | Found a runed translucent gate.
 24881 | D:15     | Found a runed translucent gate.
 24882 | D:15     | Noticed Bustrupp's ghost (journeyman DsMo)
 24882 | D:15     | Noticed Umuuc's ghost (journeyman DsGl)
 24882 | D:15     | Noticed Bialiabluu's ghost (adept GrEE)
 25509 | Orc:1    | Entered Level 1 of the Orcish Mines
 25534 | Orc:1    | Found Duomen's Armour Boutique.
 25544 | Orc:1    | Bought a +2 pair of gloves of stealth for 279 gold pieces
 25636 | Orc:2    | Entered Level 2 of the Orcish Mines
 25698 | Orc:2    | Found a staircase to the Elven Halls.
 25719 | Orc:2    | Found Aczyesui's Jewellery Shop.
 25719 | Orc:2    | Found Lamamor's Distillery.
 25720 | Orc:2    | Found Baixeimm's Weapon Emporium.
 25720 | Orc:2    | Found Nyuva's Book Shop.
 25818 | Orc:2    | Bought a potion of heal wounds for 65 gold pieces
 25955 | Orc:2    | Found a roughly hewn altar of Beogh.
 26413 | Orc:1    | Found Zoiheip's Magic Scroll Emporium.
 26488 | Orc:1    | Lost mutation: Your flesh is almost immune to the effects
                  | of cold. (rC+++) [Jiyva's grace]
 26488 | Orc:1    | Lost mutation: Your body is covered in eyes which may
                  | confuse attackers. (Acc +7, SInv) [Jiyva's grace]
 26488 | Orc:1    | Gained mutation: You are agile. (Dex +4, Str/Int -1)
                  | [Jiyva's grace]
 26488 | Orc:1    | Gained mutation: You are very agile. (Dex +8, Str/Int -2)
                  | [Jiyva's grace]
 26488 | Orc:1    | Gained mutation: Your spells are a little harder to cast,
                  | but a little more powerful. [Jiyva's grace]
 26488 | Orc:1    | Gained mutation: Your spells are harder to cast, but more
                  | powerful. [Jiyva's grace]
 26502 | Orc:1    | Found Zaised's Distillery.
 26507 | Orc:1    | Bought a potion of heal wounds for 50 gold pieces
 26507 | Orc:1    | Bought a potion of might for 40 gold pieces
 26507 | Orc:1    | Bought a potion of haste for 100 gold pieces
 26507 | Orc:1    | Bought a potion of resistance for 100 gold pieces
 26529 | Orc:1    | Found Fasirch's Weapon Boutique.
 26789 | Shoals:1 | Entered Level 1 of the Shoals
 26838 | Shoals:2 | Noticed Jorgrun
 26841 | Shoals:2 | Slimified Jorgrun
 26841 | Shoals:2 | Jorgrun changed into Jorgrun the acid blob
 26841 | Shoals:2 | Noticed Jorgrun
 26883 | Shoals:2 | Reached XP level 16. HP: 156/162 MP: 16/16
 26923 | Shoals:3 | Upgraded the game from 0.32-a0-450-g080537f31e to
                  | 0.32-a0-485-g70f7560b1c
 27063 | Shoals:3 | Found a glacial archway.
 27063 | Shoals:3 | Noticed Mlioglotl
 27075 | Shoals:2 | Found Tung's Overcharged Wands.
 27097 | Shoals:2 | Killed Jorgrun the acid blob
 27103 | Shoals:2 | Killed Mlioglotl
 27212 | IceCv    | Entered an ice cave
 27384 | IceCv    | Found an ancient bone altar of Kikubaaqudgha.
 27490 | IceCv    | Identified the +2 pair of gloves "Bogairiv" {rF+ rCorr
                  | Int+2}
 27560 | IceCv    | Reached ****** piety under Jiyva
 27585 | IceCv    | Noticed a lich
 27592 | IceCv    | Killed a lich
 27793 | Shoals:4 | Entered Level 4 of the Shoals
 27793 | Shoals:4 | Lost mutation: You have sharp toenails. [Jiyva's grace]
 27793 | Shoals:4 | Lost mutation: Your flesh is very cold resistant. (rC++)
                  | [Jiyva's grace]
 27793 | Shoals:4 | Lost mutation: Your spells are harder to cast, but more
                  | powerful. [Jiyva's grace]
 27793 | Shoals:4 | Gained mutation: You have acidic saliva. [Jiyva's grace]
 27793 | Shoals:4 | Gained mutation: You are partially covered in iridescent
                  | scales. (AC +2) [Jiyva's grace]
 27793 | Shoals:4 | Gained mutation: You are mostly covered in iridescent
                  | scales. (AC +4) [Jiyva's grace]
 27793 | Shoals:4 | Gained mutation: You are completely covered in iridescent
                  | scales. (AC +6) [Jiyva's grace]
 27811 | Shoals:4 | Reached skill level 10 in Shields
 28200 | Shoals:4 | Noticed a sphinx
 28233 | Shoals:3 | Killed a sphinx
 28303 | Shoals:4 | Noticed a sphinx
 28305 | Shoals:4 | Reached XP level 17. HP: 123/176 MP: 17/17
 28512 | Shoals:4 | Killed a sphinx
 28612 | Shoals:4 | Got an azure gem with 528 turns to spare
 28616 | Shoals:4 | Got a barnacled rune of Zot
 28828 | Shoals:4 | Identified the +1 giant club "Kuodiod" {pain, rC- Dex+7}
 28878 | Shoals:2 | Found Dolyuss's Weapon Emporium.
 28883 | Shoals:2 | Noticed Polyphemus
 28917 | Shoals:2 | Killed Polyphemus
 29221 | Shoals:2 | Noticed Louise
 29240 | Shoals:2 | Killed Louise
 29405 | Shoals:2 | Identified the +0 animal skin "Nepp" {Str+3}
 29605 | Shoals:3 | Noticed Ilsuiw
 29641 | Shoals:3 | Killed Ilsuiw
 29958 | Shoals:3 | Lost mutation: You are completely covered in iridescent
                  | scales. (AC +6) [Jiyva's grace]
 29958 | Shoals:3 | Lost mutation: Your flesh is cold resistant. (rC+) [Jiyva's
                  | grace]
 29958 | Shoals:3 | Lost mutation: Your translucent skin slightly reduces your
                  | foes' accuracy. (Stealth+) [Jiyva's grace]
 29958 | Shoals:3 | Gained mutation: You have a small jelly attached to you
                  | that may absorb projectiles. [Jiyva's grace]
 29958 | Shoals:3 | Gained mutation: Armour fits poorly on your pseudopods.
                  | [Jiyva's grace]
 29958 | Shoals:3 | Gained mutation: Armour fits poorly on your large
                  | pseudopods. [Jiyva's grace]
 29958 | Shoals:3 | Gained mutation: Armour fits poorly on your massive
                  | pseudopods. [Jiyva's grace]
 30135 | Shoals:1 | Found Jiteh's General Store.
 30137 | Shoals:1 | Found Raney's Specific Store.
 30623 | Lair:5   | Killed olddryhag's ghost
 30680 | Lair:5   | Killed zenocrate's ghost
 30741 | Lair:5   | Killed avangion's ghost
 30748 | Slime:1  | Entered Level 1 of the Pits of Slime
 30814 | Slime:1  | Noticed an acid blob
 30873 | Slime:5  | Entered Level 5 of the Pits of Slime
 30897 | Slime:5  | Got a starry gem with 453 turns to spare
 30899 | Slime:5  | Got a slimy rune of Zot
 30902 | Slime:5  | Identified the +1 long sword "Impbane" {freeze, rElec rPois
                  | Dex+3}
 30902 | Slime:5  | Noticed an acid blob
 30932 | Slime:5  | Noticed an acid blob
 30933 | Slime:5  | Noticed an acid blob
 30937 | Slime:5  | Noticed an acid blob
 30948 | Slime:5  | Identified the +2 pair of gloves "Ecvac" {MP+9 Str+4}
 30962 | Slime:5  | Noticed an acid blob
 30996 | Slime:5  | Identified the +6 longbow of Rajeliob {heavy, Str+4 Dex+2}
 30997 | Slime:5  | Identified the ring "Xeona" {rN++ Will+ rCorr Int+3}
 31004 | Slime:5  | Identified the ring "Upagunyx" {EV+5 Dex+6 Stlth-}
 31041 | Slime:5  | Noticed an acid blob
 31054 | Slime:5  | Identified the +0 flail "Nuhohiph" {flame, ^Drain rCorr
                  | Int+4}
 31056 | Slime:5  | Got the Vellum of Frore Electrocution
 31060 | Slime:5  | Got the Atlas of the Incinerated Sphinx
 31073 | Slime:5  | Noticed an acid blob
 31093 | Slime:5  | Found a viscous altar of Jiyva.
 31096 | Slime:5  | Noticed an acid blob
 31109 | Slime:5  | Noticed an acid blob
 31154 | Slime:5  | Noticed the Royal Jelly
 31172 | Slime:5  | Noticed an acid blob
 31395 | Slime:3  | Noticed Dissolution
 31579 | Slime:2  | Noticed an acid blob
 31970 | Slime:1  | Noticed an acid blob
 31970 | Slime:1  | Noticed an acid blob
 32333 | Spider:1 | Entered Level 1 of the Spider Nest
 32493 | Spider:1 | Found the +10 tower shield of Ignorance {rN+ Int-4}
 32769 | Spider:1 | Reached XP level 18. HP: 187/187 MP: 18/18
 32952 | Spider:2 | Identified the +0 kite shield of the Trout {*Slow rElec
                  | rPois}
 32952 | Spider:2 | Noticed Asterion
 32955 | Spider:2 | Killed Asterion
 33228 | Spider:3 | Lost mutation: You are very agile. (Dex +8, Str/Int -2)
                  | [Jiyva's grace]
 33228 | Spider:3 | Lost mutation: Your spells are a little harder to cast, but
                  | a little more powerful. [Jiyva's grace]
 33228 | Spider:3 | Lost mutation: You have acidic saliva. [Jiyva's grace]
 33228 | Spider:3 | Lost mutation: Armour fits poorly on your massive
                  | pseudopods. [Jiyva's grace]
 33228 | Spider:3 | Gained mutation: Armour fits poorly on your massive
                  | pseudopods. [Jiyva's grace]
 33228 | Spider:3 | Gained mutation: You are completely covered in iridescent
                  | scales. (AC +6) [Jiyva's grace]
 33228 | Spider:3 | Gained mutation: You have large cloven feet. [Jiyva's
                  | grace]
 33228 | Spider:3 | Gained mutation: You have hoof-like feet. [Jiyva's grace]
 33316 | Spider:4 | Entered Level 4 of the Spider Nest
 33330 | Spider:3 | HP: 7/188 [poisoned by a redback]
 33703 | Spider:4 | Reached skill level 15 in Shields
 33817 | Spider:4 | Got a milky-white gem with 967 turns to spare
 33847 | Spider:4 | Got a gossamer rune of Zot
 34865 | Spider:2 | Reached XP level 19. HP: 187/198 MP: 0/19
 35650 | Vaults:1 | Entered Level 1 of the Vaults
 35689 | Vaults:1 | Noticed a golden dragon
 35711 | Vaults:1 | Killed a golden dragon
 36525 | Vaults:1 | Identified the +5 scale mail of Gestures {rC+ Str+4 Dex+3}
 36844 | Vaults:2 | Lost mutation: You have hoof-like feet. [Jiyva's grace]
 36844 | Vaults:2 | Lost mutation: You have large cloven feet. [Jiyva's grace]
 36844 | Vaults:2 | Lost mutation: You are completely covered in iridescent
                  | scales. (AC +6) [Jiyva's grace]
 36844 | Vaults:2 | Lost mutation: Your body has grown many eyes which may
                  | confuse attackers. (Acc +5) [Jiyva's grace]
 36844 | Vaults:2 | Lost mutation: Armour fits poorly on your massive
                  | pseudopods. [Jiyva's grace]
 36844 | Vaults:2 | Gained mutation: You have sharp fingernails. [Jiyva's
                  | grace]
 36844 | Vaults:2 | Gained mutation: You have very sharp fingernails. [Jiyva's
                  | grace]
 36844 | Vaults:2 | Gained mutation: You have claws for hands. [Jiyva's grace]
 36844 | Vaults:2 | Gained mutation: You are strong-willed. (Will+) [Jiyva's
                  | grace]
 38141 | Vaults:3 | Reached XP level 20. HP: 187/209 MP: 20/20
 38148 | Vaults:3 | Noticed Norris
 38167 | Vaults:3 | Killed Norris
 38614 | Vaults:3 | Lost mutation: You are mostly covered in iridescent scales.
                  | (AC +4) [Jiyva's grace]
 38614 | Vaults:3 | Lost mutation: You are agile. (Dex +4, Str/Int -1) [Jiyva's
                  | grace]
 38614 | Vaults:3 | Lost mutation: Armour fits poorly on your large pseudopods.
                  | [Jiyva's grace]
 38614 | Vaults:3 | Gained mutation: Your natural rate of healing is unusually
                  | fast. [Jiyva's grace]
 38614 | Vaults:3 | Gained mutation: You heal very quickly. [Jiyva's grace]
 38614 | Vaults:3 | Gained mutation: You regenerate. [Jiyva's grace]
 38614 | Vaults:3 | Gained mutation: You are agile. (Dex +4, Str/Int -1)
                  | [Jiyva's grace]
 38681 | Vaults:3 | Found a staircase to the Crypt.
 38893 | Vaults:3 | Identified the +0 robe of Nuithet {Int+2}
 39305 | Vaults:4 | Found Xytae's Antique Armour Boutique.
 39874 | Vaults:4 | Found a crumbling gateway.
 39876 | Vaults:4 | Found a glowing golden altar of the Shining One.
 39876 | Vaults:4 | Found a white marble altar of Elyvilon.
 39890 | Vaults:4 | Found a glowing silver altar of Zin.
 39895 | Desolati | Entered the Desolation of Salt
 40261 | Desolati | Identified the +5 dire flail "Hell-Harrower" {elec, rElec
                  | rN+}
 40385 | Desolati | Lost mutation: You are partially covered in iridescent
                  | scales. (AC +2) [Jiyva's grace]
 40385 | Desolati | Lost mutation: You are strong-willed. (Will+) [Jiyva's
                  | grace]
 40385 | Desolati | Lost mutation: Armour fits poorly on your pseudopods.
                  | [Jiyva's grace]
 40385 | Desolati | Lost mutation: You have a small jelly attached to you that
                  | may absorb projectiles. [Jiyva's grace]
 40385 | Desolati | Gained mutation: You are partially covered in iridescent
                  | scales. (AC +2) [Jiyva's grace]
 40385 | Desolati | Gained mutation: You are mostly covered in iridescent
                  | scales. (AC +4) [Jiyva's grace]
 40385 | Desolati | Gained mutation: You are completely covered in iridescent
                  | scales. (AC +6) [Jiyva's grace]
 40385 | Desolati | Gained mutation: Armour fits poorly on your pseudopods.
                  | [Jiyva's grace]
 40454 | Desolati | Got Sif Muna's Spellbook of Imprecation and Coordinates
 40463 | Desolati | Identified the +8 scimitar "Hellblazer" {flame, Dex+4}
 40604 | Desolati | Identified the ring "Abamanlebuck" {rElec rCorr Str+3 Int+2
                  | Dex+2}
 40632 | Desolati | Identified the +7 short sword of Floods {flame, rElec rC+
                  | Stlth+}
 40635 | Desolati | Identified the ring "Emyamuih" {rN+ Will+ Str+3 Int-3}
 40679 | Desolati | Got the Papyrus of Evolution
 40696 | Desolati | Reached XP level 21. HP: 185/220 MP: 21/21
 40703 | Desolati | Identified the +3 great mace "Gexatem" {flame, Dex+3
                  | Stlth+}
 40893 | Desolati | Got the Tome of Evil Mysteries and Azoth
 42018 | Elf:1    | Entered Level 1 of the Elven Halls
 42315 | Elf:1    | Lost mutation: You have claws for hands. [Jiyva's grace]
 42315 | Elf:1    | Lost mutation: You are completely covered in iridescent
                  | scales. (AC +6) [Jiyva's grace]
 42315 | Elf:1    | Lost mutation: Your body has grown eyes which may confuse
                  | attackers. (Acc +3) [Jiyva's grace]
 42315 | Elf:1    | Gained mutation: Your mind is acute. (Int +4, Str/Dex -1)
                  | [Jiyva's grace]
 42315 | Elf:1    | Gained mutation: Your mind is very acute. (Int +8, Str/Dex
                  | -2) [Jiyva's grace]
 42315 | Elf:1    | Gained mutation: You have a pair of small antennae on your
                  | head. [Jiyva's grace]
 42315 | Elf:1    | Gained mutation: You have a pair of antennae on your head.
                  | [Jiyva's grace]
 42338 | Elf:1    | Identified the serpent talisman of Enoeps Qekk {*Corrode
                  | rF++ rN+ Str+2 Dex-4}
 42338 | Elf:1    | Noticed Aizul
 42346 | Elf:1    | Killed Aizul
 42549 | Elf:3    | Entered Level 3 of the Elven Halls
 42646 | Elf:3    | Found Doem's Mayhem Merchandise.
 42976 | Elf:3    | Paralysed by an air elemental for 1 turns
 42983 | Elf:3    | Identified the +1 hand axe "Ryghure" {flame, rC++ rCorr
                  | Int-5 Dex-5}
 43139 | Elf:3    | Gained mutation: Your magical capacity is low. (-10% MP) [a
                  | cacodemon]
 43141 | Elf:3    | Gained mutation: You occasionally lose the ability to drink
                  | potions when taking damage. [a cacodemon]
 43186 | Elf:3    | Gained mutation: You occasionally lose the ability to read
                  | scrolls when taking damage. [a cacodemon]
 43269 | Elf:3    | Identified the staff of Tortured True Grit {*Slow rElec
                  | Dex+9 Air}
 43277 | Elf:3    | Identified the -1 cloak "Poorrewk" {rN+ Stlth+}
 43293 | Elf:3    | Got a shimmering gem with 610 turns to spare
 43300 | Elf:3    | Got Fixkemn's Almanac of Hoarfrost
 43326 | Elf:3    | Identified the +6 long sword of the Kissing Oracle {flame,
                  | Will+}
 43428 | Elf:3    | Identified the +1 flail of Qoxti {elec, Dex+4}
 43683 | Elf:2    | Reached skill level 27 in Fighting
 43692 | Elf:2    | Reached XP level 22. HP: 233/233 MP: 19/19
 43858 | Elf:2    | Found a runed translucent gate.
 43859 | Elf:2    | Found a runed translucent gate.
 43859 | Elf:2    | Found a runed translucent gate.
 43886 | Elf:2    | Paralysed by an air elemental for 1 turns
 43891 | Elf:2    | Paralysed by an air elemental for 1 turns
 43907 | Elf:2    | Reached skill level 27 in Axes
 43990 | Elf:2    | Reached skill level 1 in Evocations
 44035 | Elf:2    | Found Oteff's Jewellery Shoppe.
 44111 | Elf:2    | Reached skill level 1 in Dodging
 45063 | D:11     | Killed Scrimshaw's ghost
 45066 | D:11     | Identified the +0 chain mail of Curiosity {Int+3}
 45317 | Vaults:5 | Entered Level 5 of the Vaults
 45317 | Vaults:5 | Lost mutation: You are agile. (Dex +4, Str/Int -1) [Jiyva's
                  | grace]
 45317 | Vaults:5 | Lost mutation: Your magical capacity is low. (-10% MP)
                  | [Jiyva's grace]
 45317 | Vaults:5 | Lost mutation: You occasionally lose the ability to drink
                  | potions when taking damage. [Jiyva's grace]
 45317 | Vaults:5 | Gained mutation: Armour fits poorly on your large
                  | pseudopods. [Jiyva's grace]
 45317 | Vaults:5 | Gained mutation: Armour fits poorly on your massive
                  | pseudopods. [Jiyva's grace]
 45317 | Vaults:5 | Gained mutation: You are agile. (Dex +4, Str/Int -1)
                  | [Jiyva's grace]
 45317 | Vaults:5 | Gained mutation: You are very agile. (Dex +8, Str/Int -2)
                  | [Jiyva's grace]
 45406 | Vaults:5 | Identified the +11 sling of Jecao {heavy, rC+}
 45441 | Vaults:5 | Reached skill level 5 in Evocations
 45456 | Vaults:5 | Got The Keys to the Wizard's Wisdom
 45609 | Vaults:5 | Identified the ring of Jinu {Ice rPois}
 45626 | Vaults:5 | Found the ring of the Octopus King {Fly HP+2 AC+2 EV+2
                  | SH+2}
 45755 | Vaults:5 | Noticed a golden dragon
 45758 | Vaults:5 | Noticed Mennas
 45774 | Vaults:5 | Killed a golden dragon
 45803 | Vaults:5 | Killed Mennas
 45804 | Vaults:5 | Reached XP level 23. HP: 240/240 MP: 23/23
 45902 | Vaults:5 | Identified the ring "Mufoph" {Wiz *Corrode Dex+3 Stlth+}
 45941 | Vaults:5 | Identified the -1 pair of gloves of Bitterness {+Blink rN+
                  | rCorr}
 45944 | Vaults:5 | Identified the +8 falchion of Adeatofe {flame, *Corrode
                  | Will+ MP+9 Dex+4}
 46070 | Vaults:5 | Reached skill level 5 in Dodging
 46092 | Vaults:5 | Noticed an ancient lich
 46115 | Vaults:5 | Killed an ancient lich
 46248 | Vaults:5 | Identified the +6 shortbow of Amorous Courage {flame,
                  | Stlth+}
 46267 | Vaults:5 | Noticed an ancient lich
 46282 | Vaults:5 | Killed an ancient lich
 46311 | Vaults:5 | Got a silver rune of Zot
 46946 | Depths:1 | Entered Level 1 of the Depths
 47048 | Depths:2 | Found a one-way gate to the infinite horrors of the Abyss.
 47075 | Depths:3 | Found Omeboi's Weapon Emporium.
 47203 | Depths:3 | Noticed Parghit
 47330 | Depths:3 | Slimified Parghit
 47330 | Depths:3 | Parghit changed into Parghit the acid blob
 47330 | Depths:3 | Noticed Parghit
 47472 | Depths:4 | Entered Level 4 of the Depths
 47561 | Depths:4 | Found a gateway to Hell.
 47677 | Depths:4 | Reached skill level 10 in Evocations
 47920 | Depths:4 | Found a gate to the Realm of Zot.
 47926 | Depths:4 | Got a midnight gem with 2149 turns to spare
 48020 | Depths:4 | Lost mutation: You have very sharp fingernails. [Jiyva's
                  | grace]
 48020 | Depths:4 | Lost mutation: You are very agile. (Dex +8, Str/Int -2)
                  | [Jiyva's grace]
 48020 | Depths:4 | Lost mutation: You regenerate. [Jiyva's grace]
 48020 | Depths:4 | Lost mutation: You occasionally lose the ability to read
                  | scrolls when taking damage. [Jiyva's grace]
 48020 | Depths:4 | Gained mutation: You are completely covered in iridescent
                  | scales. (AC +6) [Jiyva's grace]
 48020 | Depths:4 | Gained mutation: Your system is resistant to poisons.
                  | (rPois) [Jiyva's grace]
 48020 | Depths:4 | Gained mutation: You passively dampen the noise of your
                  | surroundings. [Jiyva's grace]
 48020 | Depths:4 | Gained mutation: Your flesh is cold resistant. (rC+)
                  | [Jiyva's grace]
 48080 | Depths:4 | Found an ancient bone altar of Kikubaaqudgha.
 48087 | Depths:4 | Reached XP level 24. HP: 249/249 MP: 23/23
 48122 | Depths:4 | Found Ylerphye's Jewellery Shop.
 48122 | Depths:4 | Found Mineuzaf's Book Shoppe.
 48123 | Depths:4 | Found Demidak's Jewellery Shop.
 49141 | Depths:3 | Got the Thoughts on Left-Handed Liturgies and Essence
 49181 | Depths:3 | Identified the staff "Loustrann" {rF- rC+ Str+4 SInv Fire
                  | Ice}
 49991 | Depths:2 | Found a one-way gate leading to the halls of Pandemonium.
 50260 | Depths:2 | Found a shimmering blue altar of Sif Muna.
 50323 | Depths:1 | Lost mutation: You have a pair of antennae on your head.
                  | [Jiyva's grace]
 50323 | Depths:1 | Lost mutation: You have a pair of small antennae on your
                  | head. [Jiyva's grace]
 50323 | Depths:1 | Lost mutation: You are completely covered in iridescent
                  | scales. (AC +6) [Jiyva's grace]
 50323 | Depths:1 | Lost mutation: You are agile. (Dex +4, Str/Int -1) [Jiyva's
                  | grace]
 50323 | Depths:1 | Gained mutation: You are agile. (Dex +4, Str/Int -1)
                  | [Jiyva's grace]
 50323 | Depths:1 | Gained mutation: You are very agile. (Dex +8, Str/Int -2)
                  | [Jiyva's grace]
 50323 | Depths:1 | Gained mutation: You have acidic saliva. [Jiyva's grace]
 50323 | Depths:1 | Gained mutation: You have a small jelly attached to you
                  | that senses nearby items. [Jiyva's grace]
 50363 | Depths:1 | Found a one-way gateway to a ziggurat.
 50414 | Depths:1 | Found Kaavegh's Jewellery Boutique.
 50460 | Depths:1 | Found Kypeblui's Jewellery Boutique.
 50554 | Depths:1 | Found Sel Osuxkoci's Antique Weapon Shop.
 50565 | Depths:1 | Found Omoymanil's Antique Weapon Shop.
 50803 | Depths:1 | Found Zin's Purification Station.
 50808 | Depths:1 | Found a glowing silver altar of Zin.
 50870 | Depths:1 | Found Yxzin's Assorted Antiques.
 51061 | Depths:1 | Voluntarily entered the Abyss.
 51064 | Abyss:1  | Found a corrupted altar of Lugonu.
 51329 | Abyss:2  | Lost mutation: You have sharp fingernails. [Jiyva's grace]
 51329 | Abyss:2  | Lost mutation: You are very agile. (Dex +8, Str/Int -2)
                  | [Jiyva's grace]
 51329 | Abyss:2  | Lost mutation: Your mind is very acute. (Int +8, Str/Dex
                  | -2) [Jiyva's grace]
 51329 | Abyss:2  | Lost mutation: You heal very quickly. [Jiyva's grace]
 51329 | Abyss:2  | Lost mutation: Armour fits poorly on your massive
                  | pseudopods. [Jiyva's grace]
 51329 | Abyss:2  | Gained mutation: You heal very quickly. [Jiyva's grace]
 51329 | Abyss:2  | Gained mutation: You regenerate. [Jiyva's grace]
 51329 | Abyss:2  | Gained mutation: You have a small jelly attached to you
                  | that may absorb projectiles. [Jiyva's grace]
 51329 | Abyss:2  | Gained mutation: Your flesh is heat resistant. (rF+)
                  | [Jiyva's grace]
 51347 | Abyss:2  | Found a corrupted altar of Lugonu.
 51362 | Abyss:2  | Found a corrupted altar of Lugonu.
 51723 | Abyss:3  | Found an opulent altar of Gozag.
 51726 | Abyss:3  | Found a corrupted altar of Lugonu.
 51729 | Abyss:3  | Found a corrupted altar of Lugonu.
 51729 | Abyss:3  | Found an opulent altar of Gozag.
 51729 | Abyss:3  | Found a corrupted altar of Lugonu.
 51729 | Abyss:3  | Found an opulent altar of Gozag.
 51966 | Abyss:3  | Found a corrupted altar of Lugonu.
 52100 | Abyss:3  | Found a corrupted altar of Lugonu.
 52135 | Abyss:3  | Lost mutation: You are mostly covered in iridescent scales.
                  | (AC +4) [Jiyva's grace]
 52135 | Abyss:3  | Lost mutation: Your flesh is cold resistant. (rC+) [Jiyva's
                  | grace]
 52135 | Abyss:3  | Lost mutation: Your flesh is heat resistant. (rF+) [Jiyva's
                  | grace]
 52135 | Abyss:3  | Lost mutation: You regenerate. [Jiyva's grace]
 52135 | Abyss:3  | Lost mutation: Armour fits poorly on your large pseudopods.
                  | [Jiyva's grace]
 52135 | Abyss:3  | Lost mutation: You passively dampen the noise of your
                  | surroundings. [Jiyva's grace]
 52135 | Abyss:3  | Gained mutation: Your translucent skin slightly reduces
                  | your foes' accuracy. (Stealth+) [Jiyva's grace]
 52135 | Abyss:3  | Gained mutation: Your translucent skin reduces your foes'
                  | accuracy. (Stealth+) [Jiyva's grace]
 52135 | Abyss:3  | Gained mutation: Your transparent skin significantly
                  | reduces your foes' accuracy. (Stealth+) [Jiyva's grace]
 52135 | Abyss:3  | Gained mutation: You are covered in slimy tendrils that may
                  | disarm your opponents. [Jiyva's grace]
 52158 | Abyss:3  | Found a corrupted altar of Lugonu.
 52565 | Abyss:3  | Found a corrupted altar of Lugonu.
 52600 | Abyss:3  | Paralysed by accursed screaming for 1 turns
 52662 | Abyss:3  | Gained mutation: You are vulnerable to heat. (rF-) [a
                  | cacodemon]
 52671 | Abyss:3  | Reached XP level 25. HP: 235/257 MP: 23/23
 52987 | Abyss:3  | Found a corrupted altar of Lugonu.
 53034 | Abyss:3  | Found a candlelit altar of Ignis.
 53086 | Abyss:3  | Found a candlelit altar of Ignis.
 53095 | Abyss:3  | Found a candlelit altar of Ignis.
 53095 | Abyss:3  | Found a candlelit altar of Ignis.
 53407 | Abyss:4  | Reached skill level 10 in Dodging
 53485 | Abyss:4  | Found a corrupted altar of Lugonu.
 53638 | Abyss:4  | Noticed a dread lich
 53666 | Abyss:4  | Killed a dread lich
 53790 | Abyss:4  | Got an abyssal rune of Zot
 53843 | Depths:1 | Escaped the Abyss
 53845 | Depths:1 | Voluntarily entered the Abyss.
 53972 | Abyss:4  | Lost mutation: You are partially covered in iridescent
                  | scales. (AC +2) [Jiyva's grace]
 53972 | Abyss:4  | Lost mutation: Your system is resistant to poisons. (rPois)
                  | [Jiyva's grace]
 53972 | Abyss:4  | Lost mutation: You heal very quickly. [Jiyva's grace]
 53972 | Abyss:4  | Lost mutation: You have acidic saliva. [Jiyva's grace]
 53972 | Abyss:4  | Lost mutation: Your transparent skin significantly reduces
                  | your foes' accuracy. (Stealth+) [Jiyva's grace]
 53972 | Abyss:4  | Lost mutation: You are vulnerable to heat. (rF-) [Jiyva's
                  | grace]
 53972 | Abyss:4  | Gained mutation: Your body has grown eyes which may confuse
                  | attackers. (Acc +3) [Jiyva's grace]
 53972 | Abyss:4  | Gained mutation: Your body has grown many eyes which may
                  | confuse attackers. (Acc +5) [Jiyva's grace]
 53972 | Abyss:4  | Gained mutation: Your body is covered in eyes which may
                  | confuse attackers. (Acc +7, SInv) [Jiyva's grace]
 53972 | Abyss:4  | Gained mutation: You have a pair of small antennae on your
                  | head. [Jiyva's grace]
 53978 | Abyss:4  | Noticed an ancient lich
 53993 | Abyss:4  | Killed an ancient lich
 54223 | Abyss:4  | Found a corrupted altar of Lugonu.
 54586 | Abyss:4  | Found a corrupted altar of Lugonu.
 54801 | Abyss:4  | Found a corrupted altar of Lugonu.
 54809 | Abyss:4  | Reached XP level 26. HP: 266/266 MP: 23/23
 54843 | Abyss:4  | Lost mutation: Your mind is acute. (Int +4, Str/Dex -1) [a
                  | neqoxec]
 54880 | Depths:1 | Escaped the Abyss
 55153 | Crypt:1  | Entered Level 1 of the Crypt
 55394 | Crypt:3  | Entered Level 3 of the Crypt
 55496 | Crypt:3  | Found an ancient bone altar of Kikubaaqudgha.
 55609 | Crypt:3  | Identified the +5 trident "Pelauw" {speed, rElec rCorr
                  | Str+2 Int-2}
 55661 | Crypt:3  | Identified the staff "Voussees" {rN+ Int+2 Necro}
 55772 | Crypt:3  | Identified the ring "Igacaitu" {rElec rPois Str+8 Int-3}
 55778 | Crypt:3  | Identified the ring of Podaigg {Fly rF- rN+ Dex+2}
 55921 | Crypt:3  | Found a staircase to the Tomb.
 55921 | Crypt:3  | Noticed Khufu
 55935 | Crypt:3  | Slimified Khufu
 55935 | Crypt:3  | Khufu changed into Khufu the acid blob
 55935 | Crypt:3  | Noticed Khufu
 55940 | Crypt:3  | Got an ivory gem with 1125 turns to spare
 56119 | Crypt:3  | Identified the ring "Yczoepet" {rN++ rCorr Str-3 Dex+3}
 56119 | Crypt:3  | Identified the ring "Naniwiom" {rN++ rCorr}
 56119 | Crypt:3  | Identified the ring of Haexilaz {Fire rN++ Will+ Str-3
                  | Int+4 Dex+4}
 56747 | Crypt:2  | Noticed Vv
 56894 | Crypt:1  | Killed Vv
 56993 | Crypt:2  | Identified the +0 pair of gloves of Beogh's Grace {rC++
                  | Stlth+}
 57095 | Crypt:2  | Lost mutation: Your body is covered in eyes which may
                  | confuse attackers. (Acc +7, SInv) [Jiyva's grace]
 57095 | Crypt:2  | Lost mutation: Your body has grown many eyes which may
                  | confuse attackers. (Acc +5) [Jiyva's grace]
 57095 | Crypt:2  | Gained mutation: You are partially covered in iridescent
                  | scales. (AC +2) [Jiyva's grace]
 57095 | Crypt:2  | Gained mutation: You are mostly covered in iridescent
                  | scales. (AC +4) [Jiyva's grace]
 57095 | Crypt:2  | Gained mutation: You are completely covered in iridescent
                  | scales. (AC +6) [Jiyva's grace]
 57095 | Crypt:2  | Gained mutation: Your body has grown many eyes which may
                  | confuse attackers. (Acc +5) [Jiyva's grace]
 57811 | Zot:1    | Entered Level 1 of the Realm of Zot
 58195 | Zot:3    | You are sucked into a shaft and drop 1 floor!
 58274 | Zot:4    | Found a shimmering blue altar of Sif Muna.
 58573 | Zot:5    | Entered Level 5 of the Realm of Zot
 58593 | Zot:5    | Reached XP level 27. HP: 273/273 MP: 23/23
 58730 | Zot:5    | Noticed a dread lich
 58747 | Zot:5    | Noticed an ancient lich
 58749 | Zot:5    | Noticed a dread lich
 58752 | Zot:5    | Noticed a dread lich
 58753 | Zot:5    | Killed a dread lich
 58759 | Zot:5    | Killed an ancient lich
 58768 | Zot:5    | Killed a dread lich
 58772 | Zot:5    | Killed a dread lich
 58774 | Zot:5    | Noticed a dread lich
 58784 | Zot:5    | Killed a dread lich
 58804 | Zot:5    | Got a prismatic gem with 168 turns to spare
 59763 | Zot:4    | Upgraded the game from 0.32-a0-485-g70f7560b1c to
                  | 0.32-a0-520-g344ed53f66
 60649 | Zot:3    | Lost mutation: You are agile. (Dex +4, Str/Int -1) [Jiyva's
                  | grace]
 60649 | Zot:3    | Lost mutation: Your natural rate of healing is unusually
                  | fast. [Jiyva's grace]
 60649 | Zot:3    | Gained mutation: Your rubbery body absorbs attacks. (AC +1,
                  | EV +1) [Jiyva's grace]
 60649 | Zot:3    | Gained mutation: Your pliable body absorbs attacks. (AC +2,
                  | EV +2) [Jiyva's grace]
 60649 | Zot:3    | Gained mutation: Your gelatinous body deflects attacks. (AC
                  | +3, EV +3) [Jiyva's grace]
 60649 | Zot:3    | Gained mutation: You have a pair of antennae on your head.
                  | [Jiyva's grace]
 61411 | Zot:2    | Reached skill level 27 in Shields
 61559 | Zot:2    | Found the +4 dragonskin cloak
 61559 | Zot:2    | Noticed Tiamat
 61563 | Zot:2    | Slimified Tiamat
 61563 | Zot:2    | Tiamat changed into Tiamat the acid blob
 61563 | Zot:2    | Noticed Tiamat
 61578 | Zot:2    | Killed Tiamat the acid blob
 61600 | Zot:2    | Killed from afar by a yellow draconian

Illustrated notes

Levels and vault maps discovered:
D:1:      psy_arrival_terrarium, layout_loops_corners,
          shapermc_ecumenical_altar_mp_urbaneastern, minmay_misc_feat_x,
          dk_noncrumbling_2
D:2:      minmay_chambers_of_twos, layout_basic, lexackson_kobold_supper,
          uniq_sigmund
D:3:      layout_basic, wad_floor_pattern_2, hex_medium, minmay_snake_closets,
          uniq_ijyb
D:4:      kennysheep_slugbush, layout_basic, nemelex_diamond_rough_becter,
          lightli_sewer_entry_pipes, chequers_avenue, uniq_edmund
D:5:      layout_basic, nicolae_wu_jian_wuxing_cycle, tgw_xom, slow_altar_1,
          uniq_blork_the_orc
D:6:      black_bear_nest_2, layout_gridville, trog_three_pillars_becter,
          minmay_misc_feat_rugged, uniq_jeremiah, uniq_crazy_yiuf_cottage,
          uniq_eustachio
D:7:      cheibrodos_two_vegetables, layout_rooms,
          nicolae_overflow_hallway_of_the_gods, minmay_temple_entry_mini_moons,
          st_stairs_9, dreamdust_wishing_well, uniq_maggie
D:8:      layout_loops_ring, kennysheep_mini_moat, serial_shops,
          nicolae_shop_back_alley_shop, minivault_26, uniq_prince_ribbit1
D:9:      minmay_the_grid_triangle_9x9_rhombus_thin
          [minmay_the_grid_triangle_9x9_corrupted_corridor,
          minmay_the_grid_triangle_9x9_prize_top_heavy,
          minmay_the_grid_triangle_9x9_checkered,
          minmay_the_grid_triangle_9x9_windchime], layout_irregular_city,
          fedhas_altar_2, david_orc_2
D:10:     layout_loops_cross, amcnicky_altar_gilded,
          mainiacjoe_overflow_boulevard, kennysheep_little_box,
          nicolae_trove_entry_crystal, serial_shops,
          nicolae_shop_real_fake_doors, minmay_misc_feat_secret_circle,
          kennysheep_generic_room_12, uniq_gastronok
D:11:     layout_loops_cross, lair_entry_dummy,
          gammafunk_ghost_berserking_beasts, minmay_misc_feat_four_crosses,
          kennysheep_diamond, evilmike_ruin_ashenzari
D:12:     minmay_connected_triangles_in_corner, layout_cave_pools
D:13:     layout_stronghold, hangedman_vaults_entry_quadrant_bands,
          uniq_josephine, uniq_frances
D:14:     layout_long_grid, solitary_fountain, uniq_kirke, uniq_nessos,
          uniq_roxanne
D:15:     hangedman_depths_entry_try_elsewhere_first, layout_basic,
          gammafunk_ghost_cemetery, serial_shops, shop
Temple:   hellmonk_temple_of_storms
Lair:1:   layout_layer_cave, gauntlet_entry_generic, serial_bayou_shore_b
Lair:2:   layout_misc_corridors, mainiacjoe_shoals_entry_four_pools,
          eino_small_chamber_without_monster, chequers_serial_rivers_micro_d,
          minmay_stone_trees_small
Lair:3:   layout_roguey, hellmonk_spider_entry_not_the_bees, st_stairs_10,
          grunt_megastairs_3
Lair:4:   layout_roguey, grunt_megastairs_2, serial_bayou_shore_b
Lair:5:   minmay_lair_end_enchanted_forest, layout_regular_city,
          nicolae_slime_entry_field_trip, gammafunk_ghost_cemetery,
          serial_bayou_shore_b, uniq_sonja
Shoals:1: layout_shoals, nicolae_specific_store
Shoals:2: argonaut_golden_fleece, layout_shoals, serial_shops,
          nicolae_stop_n_shop_2, nicolae_shop_overcharged_wands,
          uniq_polyphemus, uniq_louise, uniq_jorgrun
Shoals:3: layout_shoals, portal_ice_cave_entry_ice_statue_two,
          nicolae_shoals_spring_well_temple, uniq_mlioglotl, uniq_ilsuiw
Shoals:4: shoals_end_hellmonk_lost_city
Spider:1: nicolae_spider_brood_tunnel
Spider:2: layout_spider_delve, uniq_asterion
Spider:3: layout_spider_delve, hellmonk_deceptive_appearances
Spider:4: hellmonk_spider_rune_endless_swarm, nicolae_spider_swamp_cousins
Slime:1:  layout_caves, cheibrodos_slime_lost_civilization_5
Slime:2:  layout_caves
Slime:3:  layout_caves, nicolae_slime_getting_an_eyeful, uniq_dissolution
Slime:4:  cheibrodos_slime_lost_civilization_9, layout_caves
Slime:5:  slime_pit_nicolae_inversion
Orc:1:    layout_caves, serial_shops, nicolae_shop_just_a_little_nook,
          nicolae_shop_window_shopping, nicolae_shop_crystal,
          nicolae_shop_statue_plus
Orc:2:    st_orc_ogre_mass, layout_diamond_mine, basic_altar, mines3_lemuel
Elf:1:    layout_gridlike, minmay_elf_crystal_hexagon, minivault_25_ag,
          grunt_ministairs_14, onia_ninara_cookie, uniq_aizul
Elf:2:    nicolae_elf_blades_crystal_corner, layout_geoelf_octagon,
          serial_shops, nicolae_shop_gaudy_bauble, nicolae_zig_zag_zippers
Elf:3:    minmay_elf_hall_four_x, layout_loops_cross, minmay_shop_mayhem,
          dreamdust_princess_corridor
Vaults:1: v_misc_5, nicolae_vaults_an_arrangement, nicolae_vaults_cochlea,
          vaults_dpeg_hooks, nicolae_vaults_ring_of_whatevers,
          nicolae_vaults_tetromino_T_1, vaults_room_pool,
          hangedman_vaults_variations, vaults_dpeg_ring, v_rooms_4, v_rooms_2,
          nicolae_vaults_two_Ls, lightli_orcish_oven, layout_vaults_ring
Vaults:2: kb_rosetta, dpeg_vaults_monster_box, nicolae_vaults_more_shelving_2,
          nicolae_vaults_trapezoid_1, nicolae_vaults_layer_cake_slice,
          hangedman_vaults_corner_blocks, nicolae_vaults_variable_pillar_hall,
          vaults_dpeg_cross, layout_vaults_omnigrid
Vaults:3: vaults_mumra_minichess, blue_anna_dwarven_crypt, st_star,
          nicolae_vaults_layer_cake_slice, nicolae_vaults_sightless_eye,
          v_pattern_2, v_misc_2, hangedman_vaults_unwind,
          nicolae_vaults_closet_pinwheel_1, nicolae_vaults_trapezoid_2,
          v_misc_16, v_misc_19, nicolae_vaults_tetromino_L_1,
          layout_vaults_omnicross, uniq_norris
Vaults:4: portal_desolation_entry_holy_temple, nicolae_vaults_shrinking_rooms_1,
          nicolae_vaults_triangles, nicolae_vaults_twisting_passages, v_misc_13,
          v_misc_10, nicolae_vaults_network_s, nicolae_vaults_tetromino_Z_2,
          nicolae_vaults_sealed_display, layout_vaults_chaotic_city,
          serial_shops, shop
Vaults:5: uniq_mennas
Crypt:1:  layout_rooms
Crypt:2:  layout_regular_city, lemuel_elevator, uniq_vv
Crypt:3:  grunt_crypt_end_deaths_head
Depths:1: layout_gridlike, enter_ziggurat_d,
          nicolae_abyss_entry_one_way_or_another,
          nicolae_twisty_statue_hallways, serial_shops,
          nicolae_shop_behind_doors, nicolae_inconvenience_store, shop, shop,
          shop, hell_entry, zin_purify
Depths:2: grunt_double_whammy, layout_gridville, grunt_hell_entry_dis_grunt,
          led_sif_pool, abyss_entry, rand_demon_pan_entry_5,
          infiniplex_staircase_spiral_double
Depths:3: gold_lair_mu, layout_cave_pools, abyss_entry, serial_shops,
          nicolae_shop_bloodbath_and_beyond, chequers_serial_rivers_micro_b,
          hell_entry, uniq_margery, uniq_josephina, uniq_parghit
Depths:4: evilmike_zot_entry_diamond, layout_honeycomb,
          nicolae_hell_entry_hellmouth_sunbeams, kiku_gazebo_pond_becter,
          kennysheep_underground_church, minmay_shop_grove
Zot:1:    layout_gridlike, regret_index_zotdec_misc_clamp, bh_zot_lava_cross,
          hangedman_zot_wheel_spokes
Zot:2:    layout_basic, regret_index_zotdec_silver_v_v_orig_slice,
          lemuel_flame_loot_1, uniq_tiamat
Zot:3:    layout_gridlike, grunt_megastairs_4
Zot:4:    lemuel_acid_trip, layout_concentric_octagons, basic_altar
Zot:5:    layout_misc_corridors

Skill      XL: |  1  2  3  4  5  6  7  8  9 10 11 12 13 14 15 16 17 18 19 20 21 22 23 24 25 26 27 |
---------------+----------------------------------------------------------------------------------+-----
Axes           | 3 6 7 8 10 12 14 16 18 20 22 24 25 26 27 | 27.0
Shields        | 4 5 11 13 15 17 18 20 22 23 24 26 27 | 27.0
Fighting       | 4 5 6 8 9 10 12 15 17 20 21 22 23 24 25 27 | 27.0
Armour         | 4 6 8 9 10 12 15 17 18 19 20 21 23 24 25 | 25.9
Evocations     | 6 10 12 | 12.0
Dodging        | 4 7 9 11 13 14 | 14.8

Action                     |  1- 3 |  4- 6 |  7- 9 | 10-12 | 13-15 | 16-18 | 19-21 | 22-24 | 25-27 || total
---------------------------+-------+-------+-------+-------+-------+-------+-------+-------+-------++-------
  Melee: War axe           |   118 |   160 |   312 |       |       |       |       |       |       ||   590
         Broad axe         |       |       |    26 |   451 |   999 |  1245 |  1273 |  2488 |  2742 ||  9224
         Bite              |       |       |       |       |       |   105 |       |   137 |   113 ||   355
         Pseudopods        |       |       |       |       |       |   161 |   344 |   823 |   988 ||  2316
         Unarmed           |       |       |       |       |       |       |       |       |    26 ||    26
  Throw: Dart              |       |       |       |     1 |    42 |    35 |     5 |       |    14 ||    97
 Invoke: Heal Self         |       |       |       |     8 |       |       |       |       |       ||     8
         Oozemancy         |       |       |       |       |     3 |     5 |     7 |     1 |    10 ||    26
         Slimify           |       |       |       |       |     1 |     1 |       |     1 |     2 ||     5
  Evoke: Wand              |       |       |     3 |     9 |     1 |    17 |     8 |       |     3 ||    41
         Tin of tremorston |       |       |       |       |       |       |     2 |       |       ||     2
         Box of beasts     |       |       |       |       |       |       |     1 |       |       ||     1
         Phantom mirror    |       |       |       |       |       |       |       |       |     1 ||     1
    Use: Potion            |     1 |       |     1 |     3 |     5 |    12 |     8 |     2 |     2 ||    34
         Scroll            |       |     5 |    14 |    12 |     7 |     9 |     9 |       |     6 ||    62
   Stab: Confused          |       |       |       |       |     8 |    52 |    14 |       |    98 ||   172
         Petrified         |       |       |       |       |       |     4 |       |       |       ||     4
         Distracted        |       |       |       |       |       |     2 |     1 |     1 |     2 ||     6
         Fleeing           |       |       |       |       |       |       |     1 |       |       ||     1
 Armour: Scale mail        |    59 |    86 |   209 |       |       |       |       |       |       ||   354
         Chain mail        |       |       |    94 |   428 |       |       |       |       |       ||   522
         Plate armour      |       |       |       |    69 |   835 |  1209 |   401 |   483 |       ||  2997
         Gold dragon scale |       |       |       |       |       |       |       |   358 |   757 ||  1115
         Skin              |       |       |       |       |       |       |       |       |     9 ||     9
  Dodge: Dodged            |    60 |    63 |   165 |   154 |   281 |   323 |    89 |   262 |   313 ||  1710
         Repelled          |       |       |       |       |       |       |       |       |    20 ||    20
  Block: Buckler           |    11 |    36 |   103 |   154 |   222 |       |       |       |       ||   526
         Tower shield      |       |       |       |       |    41 |  1190 |  1403 |  3012 |  3029 ||  8675
         Reflection        |       |       |       |       |       |     3 |   132 |   105 |    58 ||   298

Table legend: (Time is in decaauts)
 A = Elapsed time spent in this place.
 B = Non-inter-level travel time spent in this place.
 C = Inter-level travel time spent in this place.
 D = Time resting spent in this place.
 E = Time spent auto-exploring this place.
 F = Levels seen in this place.
 G = Mean time per level.
                   A        B        C        D        E       F      G
               +--------+--------+--------+--------+--------+-----+--------+
         Total |  60056 |  55464 |   4592 |   3403 |  36501 |  65 |  923.9 |
       Dungeon |  18507 |  16752 |   1755 |   1389 |  12584 |  15 | 1233.8 |
        Temple |     14 |      2 |     12 |      0 |      0 |   1 |   14.0 |
          Lair |   7637 |   6892 |    745 |    451 |   5420 |   5 | 1527.4 |
        Shoals |   3340 |   3202 |    138 |    502 |   1462 |   4 |  835.0 |
   Spider Nest |   3018 |   2935 |     83 |     94 |   1896 |   4 |  754.5 |
    Slime Pits |   1490 |   1356 |    134 |      0 |   1257 |   5 |  298.0 |
  Orcish Mines |   1120 |    983 |    137 |      0 |    769 |   2 |  560.0 |
   Elven Halls |   2752 |   2636 |    116 |     14 |   1533 |   3 |  917.3 |
        Vaults |   6467 |   5562 |    905 |      0 |   4019 |   5 | 1293.4 |
         Crypt |   2158 |   2076 |     82 |    155 |   1072 |   3 |  719.3 |
        Depths |   3952 |   3660 |    292 |      0 |   2333 |   4 |  988.0 |
           Zot |   3512 |   3325 |    187 |    293 |   1904 |   5 |  702.4 |
         Abyss |   3358 |   3358 |      0 |    101 |   1138 |   5 |  671.6 |
         Sewer |    364 |    364 |      0 |      0 |    247 |   1 |  364.0 |
      Ice Cave |    523 |    523 |      0 |     18 |    287 |   1 |  523.0 |
    Desolation |   1244 |   1244 |      0 |    240 |    457 |   1 | 1244.0 |
      Gauntlet |    591 |    591 |      0 |    143 |    120 |   1 |  591.0 |
               +--------+--------+--------+--------+--------+-----+--------+

Top non-repeatable levels by time:
  Lair:5: 2366 daAuts
    D:10: 1835 daAuts
     D:9: 1672 daAuts
 Abyss:3: 1634 daAuts
  Lair:1: 1600 daAuts
Vaults:3: 1515 daAuts
   Zot:4: 1480 daAuts
Vaults:2: 1475 daAuts
  Lair:4: 1438 daAuts
 Abyss:4: 1433 daAuts
     D:7: 1407 daAuts
    D:13: 1404 daAuts
    D:11: 1398 daAuts
     D:4: 1394 daAuts
     D:5: 1281 daAuts
